 Dungeon Crawl Stone Soup version 0.24-a0-479-g9a978d2894 (webtiles) character file.

Game seed: 14980472112632006238

125 Inarius the Chucker (level 4, 0/37 HPs)
             Began as a Demonspawn Hunter on July 8, 2019.
             Succumbed to an adder's poison
             ... on level 2 of the Dungeon.
             The game lasted 00:03:07 (1913 turns).

Inarius the Chucker (Demonspawn Hunter)             Turns: 1913, Time: 00:03:07

Health: 0/37       AC:  4    Str: 13    XL:     4   Next: 82%
Magic:  4/4        EV: 13    Int: 17    God:
Gold:   117        SH:  0    Dex: 18    Spells: 3/3 levels left

rFire    + . .     SeeInvis .   a - +0 short sword
rCold    + . .     Gourm    .   (no shield)
rNeg     . . .     Faith    .   b - +0 leather armour
rPois    +         Spirit   .   e - +0 helmet
rElec    +         Reflect  .   (no cloak)
rCorr    +         Harm     .   (no gloves)
MR       .....                  (no boots)
Stlth    +++.......             (no amulet)
HPRegen  0.12/turn              (no ring)
MPRegen  0.09/turn              (no ring)

@: brilliant, lethally poisoned (0 -> -4), resistant
A: thin skeletal structure 2
a: no special abilities


You were on level 2 of the Dungeon.
You were not hungry.

You visited 1 branch of the dungeon, and saw 2 of its levels.

You collected 117 gold pieces.

Inventory:

Hand Weapons
 a - a +0 short sword (weapon)
Missiles
 c - 6 javelins (quivered)
 d - 2 throwing nets
Armour
 b - a +0 leather armour (worn)
 e - a +0 helmet (worn)
 i - a +0 plate armour
Scrolls
 h - a scroll of remove curse {unknown}
 j - 2 scrolls of blinking {unknown}
 k - a scroll of teleportation {unknown}
 l - a scroll of fog {unknown}
 n - a scroll of magic mapping {unknown}
 o - a scroll of identify {unknown}
Comestibles
 f - a ration
 g - 4 chunks of flesh


   Skills:
 * Level 3.6 Fighting
 - Level 3.6 Throwing
 + Level 1.6 Armour
 + Level 2.7 Dodging
 + Level 1.4 Stealth


You had 3 spell levels left.
You didn't know any spells.
Your spell library was empty.

Dungeon Overview and Level Annotations

Branches:
Dungeon (2/15)

Altars:


Innate Abilities, Weirdness & Mutations

You have a moderately thin skeletal structure. (Dex +4, Stealth+)


Message History

You feel sick.
* * * LOW HITPOINT WARNING * * *
You feel sick.
It was a potion of resistance.
You feel protected.
It was a potion of brilliance.
You feel clever all of a sudden.
* * * LOW HITPOINT WARNING * * *
You feel sick.
It was a potion of magic.
Magic courses through your body.
* * * LOW HITPOINT WARNING * * *
You feel sick.
* * * LOW HITPOINT WARNING * * *
You feel sick.
* * * LOW HITPOINT WARNING * * *
You feel sick.
Some of the chunks of flesh in your inventory have rotted away.
* * * LOW HITPOINT WARNING * * *
You feel sick.
You die...

###..###### #.#
#.......... #.#
#.#..##### #.# #.#..#
#.# #.#..# #.##
#.#.<###### .# #...
#.#.......##.# ####
#.#.....#.##.#
#.#####@#.##.# ### #.#
#.#.##.# #.. #.#
#.#.##.# #.# #.#
#.#.##.#########.#
#.#####.#...............
#.(..........#######.<..
#######.....>..# ##...
########.# ##.# #.# #.#


There were no monsters in sight!

Vanquished Creatures
  A hound (D:2)
  Jessica (D:2)
  2 adders (D:2)
  A worm (D:2)
  2 dart slugs (D:2)
  A leopard gecko (D:2)
  A ball python (D:1)
  2 giant cockroaches
  5 goblins
  9 hobgoblins
  7 kobolds
  A quokka (D:2)
  8 bats
  A frilled lizard (D:1)
  4 rats
46 creatures vanquished.

Notes
Turn   | Place    | Note
-------+----------+-------------------------------------------
     0 | D:1      | Inarius the Demonspawn Hunter began the quest for the Orb.
     0 | D:1      | Reached XP level 1. HP: 16/16 MP: 1/1
   294 | D:1      | Gained mutation: You have a somewhat thin skeletal
                  | structure. (Dex +2, Stealth) [demonic ancestry]
   294 | D:1      | Reached XP level 2. HP: 10/23 MP: 2/2
  1155 | D:2      | Gained mutation: You have a moderately thin skeletal
                  | structure. (Dex +4, Stealth+) [demonic ancestry]
  1155 | D:2      | Reached XP level 3. HP: 29/29 MP: 3/3
  1456 | D:2      | Reached skill level 1 in Armour
  1456 | D:2      | Reached skill level 1 in Stealth
  1635 | D:2      | Noticed Jessica
  1654 | D:2      | Killed Jessica
  1654 | D:2      | Reached XP level 4. HP: 27/35 MP: 4/4
  1911 | D:2      | HP: 1/37 [poisoned by an adder]
  1913 | D:2      | Succumbed to an adder's poison

Levels and vault maps discovered:
D:1:      dpeg_arrival_tiny_d, layout_basic, hangedman_decor_points
D:2:      layout_loops_ring, uniq_jessica

Skill      XL: |  1  2  3 |
---------------+----------+-----
Dodging        | 2 |  2.7
Fighting       | 3 |  3.6
Armour         | 1 |  1.6
Stealth        | 1 |  1.4
Throwing       | |  3.6

Action                   |  1- 3 |  4- 6 || total
-------------------------+-------+-------++-------
Melee: Short sword       |   120 |    44 ||   164
Throw: Javelin           |     9 |       ||     9
  Use: Potion            |       |     3 ||     3
 Stab: Sleeping          |     4 |     4 ||     8
       Distracted        |       |     1 ||     1
  Eat: Chunk             |     2 |     1 ||     3
Armor: Leather armour    |    38 |    14 ||    52
Dodge: Dodged            |    86 |    33 ||   119

Table legend:
 A = Non-vault XP
 B = Vault XP
 C = Vault XP percentage of total XP
 D = Non-vault monster count
 E = Vault monster count
 F = Vault count percentage of total count
                 A         B        C        D         E       F
            +---------+---------+-------+---------+---------+-------
      Total |     142 |      37 |  20.7 |      45 |       1 |   2.2
            +---------+---------+-------+---------+---------+-------
        D:1 |      35 |       0 |   0.0 |      22 |       0 |   0.0
        D:2 |     107 |      37 |  25.7 |      23 |       1 |   4.2
            +---------+---------+-------+---------+---------+-------
